 Dungeon Crawl Stone Soup version 0.28.0-53-g5a82cb258f (webtiles) character file.

Game seed: 5830472046148789588

170247 firemarshallily the Warrior (level 17, -5/157 HPs)
             Began as a Merfolk Gladiator on June 28, 2022.
             Was the Champion of Uskayaw.
             Killed from afar by a thorn hunter (9 damage)
             ... with a volley of thorns
             ... on level 4 of the Swamp.
             The game lasted 02:54:54 (35007 turns).

firemarshallily the Warrior (Merfolk Gladiator)    Turns: 35007, Time: 02:54:55

Health: -5/157     AC: 24    Str: 21    XL:     17   Next: 98%
Magic:  10/29      EV: 25    Int:  7    God:    Uskayaw [******]
Gold:   5483       SH:  9    Dex: 20    Spells: 16/32 levels left

rFire   + . .      SeeInvis +   u - +4 demon trident (elec)
rCold   . . .      Faith    .   g - +3 buckler {rN+}
rNeg    + + .      Spirit   .   Q - +0 swamp dragon scales
rPois   +          Reflect  .   o - +2 helmet {SInv}
rElec   .          Harm     .   j - +2 cloak
rCorr   .          Rampage  .   r - +2 pair of gloves {infuse}
Will    +....                   (boots currently unavailable)
Stlth   +++++.....              i - amulet of regeneration
HPRegen 1.16/turn               O - +4 ring of protection
MPRegen 0.21/turn               W - ring of Wychoheo {rF+ rN+ Dex+3 Slay+3}

@: very quick
A: nimble swimmer 2, mertail
a: Renounce Religion, Stomp, Line Pass, Grand Finale


You were on level 4 of the Swamp.
You worshipped Uskayaw.
Uskayaw was noncommittal.
You visited 6 branches of the dungeon, and saw 30 of its levels.
You also visited: Bailey, Gauntlet, Ice Cave and Volcano.

You collected 6855 gold pieces.
You spent 1372 gold pieces at shops.

Inventory:

Hand Weapons
 a - the +5 flail of Gaigh {vorpal, Int+6 Stlth-}
   (You found it on level 1 of the Swamp)

   It inflicts extra damage upon your enemies.
   Int:       It affects your intelligence (+6).
   Stlth:     It makes you less stealthy.
 u - a +4 demon trident of electrocution (weapon)
 M - a +1 antimagic trident
Missiles
 d - a throwing net
 y - 3 silver boomerangs
 B - 12 javelins (quivered)
 G - 18 poisoned darts
 S - 6 atropa-tipped darts
Armour
 g - a +3 buckler of positive energy (worn)
 j - a +2 cloak (worn)
 n - a +2 pair of boots of rampaging (melded)
 o - a +2 helmet of see invisible (worn)
 r - a +2 pair of gloves of infusion (worn)
 Q - +0 swamp dragon scales (worn)
Jewellery
 c - a ring of positive energy
 i - an amulet of regeneration (around neck)
 q - a ring of willpower
 K - a ring of protection from cold
 O - a +4 ring of protection (left hand)
 W - the ring of Wychoheo (right hand) {rF+ rN+ Dex+3 Slay+3}
   (You found it on level 14 of the Dungeon)

   [ring of protection from fire]

   Dex:       It affects your dexterity (+3).
   Slay:      It affects your accuracy & damage with ranged weapons and melee
   (+3).
   rF:        It protects you from fire.
   rN:        It protects you from negative energy.
Wands
 e - a wand of paralysis (20)
 w - a wand of flame (32)
 I - a wand of mindburst (7)
 L - a wand of digging (5)
 R - a wand of iceblast (9)
Scrolls
 f - 2 scrolls of fog
 k - 3 scrolls of silence
 l - 3 scrolls of magic mapping
 v - 2 scrolls of identify
 A - a scroll of amnesia
 C - 4 scrolls of fear
 D - 13 scrolls of teleportation
 H - a scroll of summoning
 J - 4 scrolls of blinking
 P - a scroll of holy word
 T - a scroll of enchant armour
Potions
 b - 2 potions of haste
 h - 16 potions of curing
 m - 3 potions of ambrosia
 p - 2 potions of cancellation
 s - 2 potions of flight
 t - 2 potions of invisibility
 x - 5 potions of brilliance
 z - 3 potions of might
 E - 6 potions of lignification
 F - 6 potions of mutation
 N - 3 potions of resistance
 U - a potion of heal wounds
 Z - a potion of magic
Miscellaneous
 V - a phial of floods


   Skills:
 * Level 20.9 Fighting
 - Level 14.0 Polearms
 + Level 4.1 Throwing
 + Level 9.0 Armour
 - Level 14.0 Dodging
 - Level 10.0 Stealth
 - Level 5.0 Shields
 + Level 8.3 Spellcasting
 - Level 7.2 Hexes
 - Level 10.7 Transmutations
 - Level 7.0 Invocations
 - Level 2.1 Evocations


You had 16 spell levels left.
You knew the following spells:

 Your Spells              Type           Power      Damage    Failure   Level
a - Slow                  Hex            52%        N/A       1%          1
b - Tukima's Dance        Hex            13%        N/A       6%          3
c - Yara's Violent Unrav  Hex/Tmut       7%         3d5       26%         5
d - Ensorcelled Hibernat  Hex/Ice        14%        N/A       13%         2
e - Irradiate             Conj/Tmut      5%         3d15      75%         5

Your spell library contained the following spells:

 Spells                   Type           Power      Damage    Failure   Level
 Passwall                 Tmut/Erth      8%         N/A       6%          2
 Confusing Touch          Hex            13%        N/A       6%          3
 Spider Form              Tmut/Pois      10%        N/A       13%         3
 Summon Guardian Golem    Hex/Summ       7%         N/A       26%         3
 Freeze                   Ice            8%         1d3       36%         1
 Summon Small Mammal      Summ           8%         N/A       36%         1
 Petrify                  Tmut/Erth      10%        N/A       38%         4
 Blink                    Tloc           4%         N/A       52%         2
 Sublimation of Blood     Necr           2%         N/A       52%         2
 Anguish                  Hex/Necr       3%         N/A       65%         4
 Call Canine Familiar     Summ           2%         N/A       75%         3
 Frozen Ramparts          Ice            4%         1d2       75%         3
 Gell's Gravitas          Tloc           2%         N/A       75%         3
 Lesser Beckoning         Tloc           2%         N/A       75%         3
 Swiftness                Air            2%         N/A       75%         3
 Teleport Other           Tloc           2%         N/A       75%         3
 Vampiric Draining        Necr           2%         2d6       75%         3
 Metabolic Englaciation   Hex/Ice        3%         N/A       94%         5
 Silence                  Hex/Air        3%         N/A       94%         5
 Summon Mana Viper        Hex/Summ       7%         N/A       94%         5
 Airstrike                Air            1%         N/A       98%         4
 Hailstorm                Conj/Ice       2%         3d3       98%         4
 Passage of Golubria      Tloc           2%         N/A       98%         4
 Summon Lightning Spire   Summ/Air       2%         N/A       98%         4
 Lightning Bolt           Conj/Air       1%         1d12      100%        5
 Manifold Assault         Tloc           2%         N/A       100%        5
 Summon Forest            Summ/Tloc      1%         N/A       100%        5
 Statue Form              Tmut/Erth      6%         N/A       100%        6
 Summon Cactus Giant      Summ           1%         N/A       100%        6
 Storm Form               Tmut/Air       5%         N/A       100%        7
 Lehudib's Crystal Spear  Conj/Erth      1%         10d2      100%        8
 Maxwell's Capacitive Co  Air            1%         ∞         100%        8


Dungeon Overview and Level Annotations

Branches:
Dungeon (15/15)            Temple (1/1) D:4            Lair (6/6) D:9
  Swamp (4/4) Lair:3       Spider (2/4) Lair:2        Slime (0/5) Lair:6
    Orc (2/2) D:9             Elf (0/3) Orc:2        Vaults (0/5) D:13
 Depths (0/4) D:15         Bailey (visited)           IceCv (visited)
Volcano (visited)         Gauntlet (visited)

Altars:
Ashenzari
Cheibriados
Dithmenos
Elyvilon
Fedhas
Gozag
Hepliaklqana
Kikubaaqudgha
Makhleb
Nemelex Xobeh
Okawaru
Qazlal
Ru
Sif Muna
Trog
Uskayaw
Vehumet
Wu Jian
Xom
Yredelemnul
Zin
The Shining One
Beogh

Shops:
D:2 [   D:5 (   D:9 *   D:11 ?   Orc:2 (:*

Annotations:
D:12 exclusion: door
D:14 3 runed translucent doors, exclusion: 3 doors, Palms's ghost, journeyman DjCj; bronco's ghost, journeyman HOGl
D:15 3 runed translucent doors, Purphixowk's ghost, journeyman DsGl
Spider:2 exclusion: 4 doors, Arachne; Louise


Innate Abilities, Weirdness & Mutations

You are very nimble when in or above water. (Stealth+, EV+, Speed+++)
Your lower body shifts to a powerful aquatic tail in water.


Message History

The thorn hunter fires a volley of thorns at you.
The volley of thorns hits you!
The death yak is engulfed in poison gas.
The death yak is poisoned.
The death yak gores the briar patch!
The briar patch is destroyed!
The thorn hunter fires a volley of thorns at you.
The volley of thorns hits you!
You feel sick.
You are hit by a branch!
The death yak looks even sicker.
The spriggan berserker is engulfed in poison gas.
The spriggan berserker is poisoned.
The spriggan berserker rages.
The swamp dragon breathes poison at you.
The blast of poison engulfs you. You resist.
The death yak is engulfed in poison gas.
The death yak looks even sicker.
The death yak gores you but does no damage.
The fenstrider witch gestures at you while chanting.
You shrug off the repeated paralysis!
The thorn hunter fires a volley of thorns at you.
The volley of thorns hits you!!
A spriggan comes into view. It is wielding a +0 dagger.
You feel sick.
You are hit by a branch!
* * * LOW HITPOINT WARNING * * *
The spriggan berserker looks even sicker.
The death yak gores you!!
* * * LOW HITPOINT WARNING * * *
The thorn hunter fires a volley of thorns at you.
The volley of thorns hits you!
* * * LOW HITPOINT WARNING * * *
You hear a roar!
You can move again.
Uskayaw prepares the audience for your solo!
You feel better.
You hear a deafening roar! x2
The thorn hunter is no longer paralysed.
A root smacks you from below!
* * * LOW HITPOINT WARNING * * *
The thorn hunter fires a volley of thorns at you.
The volley of thorns hits you!
You die...

♣♣♣♣♣♣♣ ♣
♣♣≈♣.<.♣♣ ≈.♣
♣.≈≈≈≈≈.♣
#≈..♣♣♣.=≈†≈.♣
#..°♣≈°.[≈♣♣
#.PP@P♣♣♣♣
##iPPYP≈≈♣
♣#Dfi....♣
..≈.H≈≈≈.≈≈
##..♣.≈.≈..♣
♣≈.≈i≈§§≈.♣
≈.. ≈≈i≈≈≈.
≈... ≈.≈≈§≈≈


You could see a thorn hunter, a death yak (summoned, berserk, paralysed, very
poisoned), a swamp dragon (paralysed, catching breath), a fenstrider witch
(paralysed), a spriggan berserker (berserk, paralysed, very poisoned), a
spriggan druid (paralysed) and 2 spriggans.

Vanquished Creatures
  Nikola (Spider:1)
  A tentacled monstrosity (Swamp:3)
  Kirke (D:15)
  A frost giant (IceCv)
  Aizul (Swamp:2)
  An orc warlord (Orc:2)
  The ghost of Dasos the Basher, a journeyman BaFi of Cheibriados (Lair:4)
  A ghost moth (Spider:2)
  An eleionoma (Swamp:3)
  Nessos (D:13)
  2 bunyips
  3 entropy weavers
  2 minotaurs
  A dire elephant (D:15)
  Snorg (D:12)
  A fire dragon (Lair:1)
  8 boulder beetles
  A shambling mangrove (Swamp:3)
  A great orb of eyes (D:15)
  16 hydras
  3 catoblepae (Lair:6)
  2 centaur warriors (D:15)
  A spriggan air mage (Swamp:3)
  2 ghost crabs
  2 radroaches
  5 alligators
  A dancing weapon (Volcano)
  5 two-headed ogres
  22 death yaks
  4 tengu warriors
  2 orc high priests (Orc:2)
  2 spriggan berserkers (Swamp:3)
  Urug (D:13)
  6 spriggans (Swamp:3)
  3 pharaoh ants (Spider:1)
  5 goliath frogs
  4 skeletal warriors (D:13)
  3 spriggan druids
  7 swamp dragons
  3 orb spiders
  A flayed ghost (D:13)
  2 steelbarb worms
  6 orc knights
  4 bog bodies
  2 deep elf pyromancers
  5 wizards (Volcano)
  6 wolf spiders
  2 orc sorcerers (Orc:2)
  5 manticores
  12 ugly things
  8 cyclopes
  A moth of wrath (Spider:2)
  Joseph (D:8)
  5 toenail golems (Volcano)
  14 elephants (Lair:6)
  9 black mambas
  4 torpor snails
  An ice statue (IceCv)
  A gargoyle (D:12)
  Maggie (D:9)
  2 kobold demonologists (D:11)
  12 cane toads
  A freezing wraith (D:15)
  8 rime drakes
  Psyche (D:11)
  An efreet (D:13)
  A tengu conjurer (D:14)
  6 demonic crawlers
  12 komodo dragons
  8 trolls
  A bloated husk (Swamp:4)
  4 meliai
  5 tyrant leeches
  7 polar bears
  10 tarantellas
  5 hornets (Swamp:3)
  9 blink frogs
  6 slime creatures
  7 jumping spiders
  5 culicivoras (Spider:1)
  19 humans
  2 shadows
  83 yaks
  A wraith (D:10)
  6 wyverns
  5 basilisks
  11 vampire mosquitoes
  18 redbacks
  6 wargs
  6 swamp worms
  2 acid dragons
  12 water moccasins
  2 swamp drakes
  2 sky beasts
  44 orc warriors
  An ice beast (D:5)
  6 ogres
  A black bear (Lair:4)
  A necrophage (D:7)
  24 wolves
  8 centaurs
  2 phantoms
  11 bullfrogs
  A gnoll sergeant (D:11)
  3 scorpions
  A wyvern zombie (D:9)
  A water moccasin skeleton (D:6)
  8 killer bees
  4 electric eels
  A howler monkey (D:7)
  12 wights
  4 bullfrog zombies
  6 centaur zombies
  2 hounds
  25 orc priests
  2 centaur skeletons (D:7)
  5 jellies
  2 bullfrog skeletons
  10 iguanas
  24 orc wizards
  A scorpion zombie (D:5)
  A hound skeleton (D:4)
  Robin (D:3)
  4 gnolls (D:6)
  10 adders
  A shadow imp (D:7)
  An adder skeleton (D:4)
  3 worms
  4 dart slugs
  97 orcs
  4 ball pythons
  8 endoplasms
  5 giant cockroaches
  23 goblins
  10 hobgoblins
  4 jackals
  A quokka (D:1)
  10 bats
  5 frilled lizards
  12 kobolds
  2 rats
  A briar patch (Swamp:4)
922 creatures vanquished.

Vanquished Creatures (others)
  A broodmother (Spider:1)
  An elephant (Lair:6)
  A demonic crawler (Spider:1)
  2 bloated husks
  A blink frog (Lair:6)
  A wyvern (Lair:6)
  A centaur (D:15)
  A briar patch (Swamp:4)
  16 fungi
  22 plants
  11 withered plants (Gauntlet)
58 creatures vanquished.

Grand Total: 980 creatures vanquished

Notes
Turn   | Place    | Note
-------+----------+-------------------------------------------
     0 | D:1      | firemarshallily the Merfolk Gladiator began the quest for
                  | the Orb.
     0 | D:1      | Reached XP level 1. HP: 16/16 MP: 1/1
   216 | D:1      | Reached XP level 2. HP: 23/23 MP: 2/2
   648 | D:1      | Reached skill level 5 in Polearms
   665 | D:1      | Reached XP level 3. HP: 28/28 MP: 3/3
  1112 | D:1      | Reached skill level 3 in Fighting
  1150 | D:2      | Found Kuymeg's Armour Shoppe.
  1394 | D:2      | Reached XP level 4. HP: 35/35 MP: 4/4
  1738 | D:3      | Identified a scroll of acquirement
  1738 | D:3      | Acquired 996 gold pieces
  1762 | D:3      | Noticed Robin
  1818 | D:2      | Bought a +2 cloak for 198 gold pieces
  1818 | D:2      | Bought a +2 pair of boots of rampaging for 258 gold pieces
  1818 | D:2      | Bought a +2 helmet of see invisible for 258 gold pieces
  1818 | D:2      | Bought a +1 pair of gloves of infusion for 198 gold pieces
  1888 | D:3      | Killed Robin
  1980 | D:3      | Reached XP level 5. HP: 42/42 MP: 1/5
  1999 | D:3      | Reached skill level 4 in Fighting
  2148 | D:3      | Found a faded altar of an unknown god.
  2203 | D:3      | Reached skill level 5 in Dodging
  2651 | D:4      | Reached XP level 6. HP: 44/49 MP: 0/6
  2985 | D:4      | Found a staircase to the Ecumenical Temple.
  3002 | Temple   | Entered the Ecumenical Temple
  3642 | Temple   | Became a worshipper of Uskayaw the Reveller
  3768 | D:4      | Identified the +2 robe "Ownuluda" {rPois rN++ Str-2 SInv}
  3816 | D:4      | Reached * piety under Uskayaw
  3849 | D:4      | Reached ** piety under Uskayaw
  3850 | D:4      | Reached skill level 5 in Fighting
  4143 | D:5      | Entered Level 5 of the Dungeon
  4269 | D:5      | Found Dul Luid's Antique Weapon Shoppe.
  4660 | D:5      | Reached skill level 1 in Invocations
  4660 | D:5      | Reached XP level 7. HP: 31/56 MP: 0/7
  4660 | D:5      | Reached *** piety under Uskayaw
  4664 | D:5      | Reached **** piety under Uskayaw
  5132 | D:5      | Reached skill level 6 in Fighting
  5221 | D:5      | Reached XP level 8. HP: 65/65 MP: 3/9
  5515 | D:6      | Reached skill level 7 in Fighting
  5537 | D:6      | Reached skill level 10 in Polearms
  5722 | D:6      | Noticed a yak
  5722 | D:6      | Noticed a yak
  5746 | D:6      | Killed a yak
  5747 | D:6      | Reached XP level 9. HP: 57/74 MP: 2/12
  5761 | D:6      | Reached skill level 8 in Fighting
  5768 | D:6      | Reached ***** piety under Uskayaw
  6432 | D:6      | Identified the +10 hand axe of the Rat {freeze, rF- Str+7
                  | Dex+4}
  6592 | D:6      | Reached skill level 9 in Fighting
  6592 | D:6      | Reached skill level 5 in Invocations
  7050 | D:7      | Found a flagged portal.
  7074 | Bailey   | Entered a bailey
  7213 | Bailey   | Noticed an orc knight
  7309 | Bailey   | Reached XP level 10. HP: 70/84 MP: 8/14
  7364 | Bailey   | Killed an orc knight
  7365 | Bailey   | Reached skill level 10 in Fighting
  7499 | Bailey   | Found a large runed translucent door.
  7499 | Bailey   | Found a large runed translucent door.
  7500 | Bailey   | Noticed a deep elf pyromancer
  7537 | Bailey   | Killed a deep elf pyromancer
  8226 | D:7      | Found a shadowy altar of Dithmenos.
  8586 | D:8      | Noticed Joseph
  8595 | D:8      | Killed Joseph
  8596 | D:8      | Reached skill level 11 in Fighting
  8706 | D:8      | Found a bloodstained altar of Trog.
  9445 | D:9      | Reached skill level 1 in Shields
  9455 | D:9      | Found a staircase to the Lair.
  9489 | D:9      | Reached XP level 11. HP: 76/95 MP: 0/16
  9492 | D:9      | Reached ****** piety under Uskayaw
  9497 | D:9      | Reached skill level 12 in Fighting
  9633 | D:9      | Found a staircase to the Orcish Mines.
  9787 | D:9      | Noticed a two-headed ogre
  9794 | D:9      | Killed a two-headed ogre
 10015 | D:9      | Noticed Maggie
 10031 | D:9      | Killed Maggie
 10032 | D:9      | Reached skill level 5 in Shields
 10111 | D:9      | Found Qetaakli's Demolitions Depot.
 10489 | D:10     | Entered Level 10 of the Dungeon
 10882 | D:10     | Noticed a two-headed ogre
 10890 | D:10     | Killed a two-headed ogre
 10891 | D:10     | Reached skill level 1 in Armour
 10891 | D:10     | Reached skill level 1 in Stealth
 10911 | D:10     | Reached skill level 13 in Fighting
 11387 | D:11     | Found Bipp's Magic Scroll Emporium.
 11413 | D:11     | Bought a scroll of teleportation for 45 gold pieces
 11413 | D:11     | Bought a scroll of identify for 30 gold pieces
 11413 | D:11     | Bought 2 scrolls of fear for 105 gold pieces
 11492 | D:11     | Found a frozen archway.
 11496 | D:11     | Noticed a boulder beetle
 11519 | D:11     | Killed a boulder beetle
 11546 | IceCv    | Entered an ice cave
 11688 | IceCv    | Noticed a death yak
 11705 | IceCv    | Killed a death yak
 11706 | IceCv    | Reached XP level 12. HP: 96/106 MP: 8/17
 11720 | IceCv    | Reached skill level 14 in Fighting
 12023 | IceCv    | Noticed a frost giant
 12027 | IceCv    | Noticed a death yak
 12060 | IceCv    | Killed a frost giant
 12201 | IceCv    | Killed a death yak
 12202 | IceCv    | Reached skill level 5 in Stealth
 12383 | IceCv    | Noticed a death yak
 12383 | IceCv    | Noticed a death yak
 12445 | IceCv    | Killed a death yak
 12601 | IceCv    | Noticed a death yak
 12616 | IceCv    | Killed a death yak
 12624 | IceCv    | Killed a death yak
 13194 | D:11     | Noticed a four-headed hydra
 13198 | D:11     | Killed a four-headed hydra
 13199 | D:11     | Reached skill level 15 in Fighting
 13525 | D:11     | Reached XP level 13. HP: 116/116 MP: 11/18
 13788 | D:11     | Reached skill level 10 in Dodging
 14285 | D:11     | Noticed Psyche
 14291 | D:11     | Killed Psyche
 14861 | D:12     | Reached skill level 16 in Fighting
 14861 | D:12     | Reached skill level 5 in Armour
 15197 | D:12     | Noticed Snorg
 15210 | D:12     | Killed Snorg
 15932 | Lair:1   | Entered Level 1 of the Lair of Beasts
 16260 | Lair:1   | Noticed a fire dragon
 17082 | Lair:2   | Reached skill level 1 in Transmutations
 17354 | Lair:2   | Found a hole to the Spider Nest.
 17429 | Lair:2   | Reached skill level 1 in Spellcasting
 17940 | Lair:3   | Found an iron altar of Okawaru.
 17947 | Lair:3   | Found a dark tunnel.
 17972 | Lair:3   | Reached XP level 14. HP: 59/126 MP: 7/19
 18003 | Volcano  | Entered a volcano
 18113 | Volcano  | Acquired 1042 gold pieces
 18360 | Volcano  | Reached skill level 17 in Fighting
 18651 | Lair:3   | Found a staircase to the Swamp.
 19517 | Lair:4   | Found a runed translucent gate.
 19544 | Lair:4   | Noticed Dasos's ghost (journeyman BaFi)
 19658 | Lair:4   | Found a runed translucent gate.
 19658 | Lair:4   | Found a runed translucent gate.
 20363 | Lair:4   | Reached skill level 1 in Hexes
 20369 | Lair:4   | Reached skill level 5 in Transmutations
 20659 | Lair:4   | Learned a level 1 spell: Slow
 21209 | Lair:5   | Reached skill level 10 in Stealth
 21368 | Lair:5   | Acquired 787 gold pieces
 21833 | Lair:6   | Entered Level 6 of the Lair of Beasts
 21983 | Lair:6   | Reached XP level 15. HP: 135/135 MP: 20/20
 22533 | Lair:6   | Reached skill level 18 in Fighting
 22806 | Lair:6   | Found a staircase to the Slime Pits.
 23528 | Lair:6   | Reached skill level 5 in Spellcasting
 24055 | Lair:6   | Learned a level 3 spell: Tukima's Dance
 24061 | Lair:6   | Learned a level 5 spell: Yara's Violent Unravelling
 24193 | Lair:4   | Killed Dasos's ghost
 24457 | Orc:1    | Entered Level 1 of the Orcish Mines
 25469 | Orc:2    | Entered Level 2 of the Orcish Mines
 25469 | Orc:2    | Found a staircase to the Elven Halls.
 25649 | Orc:2    | Noticed an orc warlord
 25904 | Orc:2    | Killed an orc warlord
 25906 | Orc:2    | Reached XP level 16. HP: 135/145 MP: 22/24
 26131 | Orc:2    | Found Pucril's Antique Armour Boutique.
 26136 | Orc:2    | Found Ecryen's General Store.
 26140 | Orc:2    | Found Lyizosel's Book Boutique.
 26145 | Orc:2    | Found Qucess's Antique Weapon Boutique.
 26321 | Orc:2    | Learned a level 2 spell: Ensorcelled Hibernation
 26516 | Orc:2    | Bought 2 potions of haste for 280 gold pieces
 26975 | D:13     | Noticed Urug
 26983 | D:13     | Noticed Nessos
 26984 | D:13     | Found a gate to the Vaults.
 26991 | D:13     | Killed Urug
 26992 | D:13     | Reached skill level 5 in Hexes
 26993 | D:13     | Paralysed by Nessos for 3 turns
 27004 | D:13     | Killed Nessos
 27048 | D:13     | Reached skill level 19 in Fighting
 27927 | D:14     | Identified the ring of Wychoheo {rF+ rN+ Dex+3 Slay+3}
 27948 | D:14     | Found a gate leading to a gauntlet.
 27970 | Gauntlet | Entered a Gauntlet
 27970 | Gauntlet | Found a transporter.
 27977 | Gauntlet | Found a runed translucent door.
 27979 | Gauntlet | Found a transporter.
 27995 | Gauntlet | Found a transporter.
 27995 | Gauntlet | Found the macabre finger necklace {rN+}
 27996 | Gauntlet | Found a transporter.
 27999 | Gauntlet | Found a transporter.
 28000 | Gauntlet | Found a transporter.
 28010 | Gauntlet | Found a runed translucent gate.
 28013 | Gauntlet | Found a runed translucent gate.
 28013 | Gauntlet | Found a transporter.
 28014 | Gauntlet | Found a runed translucent gate.
 28030 | Gauntlet | Found a transporter.
 28055 | Gauntlet | Found a runed translucent door.
 28113 | Gauntlet | Found a transporter.
 28130 | Gauntlet | Found a transporter.
 28134 | Gauntlet | Found a transporter.
 28144 | Gauntlet | Found a transporter.
 28739 | D:14     | Learned a level 5 spell: Irradiate
 28993 | D:14     | Identified the +1 chain mail "Jomah" {Rampage +Inv rC+
                  | Str-5 Dex+5}
 29092 | D:14     | Found a runed translucent gate.
 29092 | D:14     | Found a runed translucent gate.
 29092 | D:14     | Found a runed translucent gate.
 29093 | D:14     | Found an ancient bone altar of Kikubaaqudgha.
 29094 | D:14     | Noticed a lich
 29094 | D:14     | Noticed a lich
 29095 | D:14     | Noticed bronco's ghost (journeyman HOGl)
 29096 | D:14     | Noticed a lich
 29097 | D:14     | Noticed Palms's ghost (journeyman DjCj)
 29253 | D:15     | Entered Level 15 of the Dungeon
 29360 | D:15     | Found a runed translucent gate.
 29360 | D:15     | Found a runed translucent gate.
 29390 | D:15     | Reached skill level 1 in Evocations
 29469 | D:15     | Found a white marble altar of Elyvilon.
 29630 | D:15     | Found a runed translucent gate.
 29630 | D:15     | Found an iron altar of Okawaru.
 29630 | D:15     | Noticed Purphixowk's ghost (journeyman DsGl)
 29891 | D:15     | Found a staircase to the Depths.
 29899 | D:15     | Paralysed by a great orb of eyes for 5 turns
 30036 | D:15     | Noticed Kirke
 30054 | D:15     | Killed Kirke
 30739 | Spider:1 | Entered Level 1 of the Spider Nest
 31118 | Spider:1 | Reached XP level 17. HP: 103/154 MP: 15/27
 31356 | Spider:1 | Reached skill level 10 in Transmutations
 31364 | Spider:1 | Noticed Nikola
 31394 | Spider:1 | Killed Nikola
 31703 | Spider:1 | Reached skill level 20 in Fighting
 31746 | Spider:1 | Acquired 885 gold pieces
 32384 | Spider:2 | Noticed Arachne
 32606 | Spider:2 | Noticed Louise
 32741 | Spider:2 | Identified the +9 war axe of the Scorching Shark {freeze,
                  | rF+ Dex+4}
 33050 | Swamp:1  | Entered Level 1 of the Swamp
 33055 | Swamp:1  | Identified the +5 flail of Gaigh {vorpal, Int+6 Stlth-}
 34053 | Swamp:2  | Noticed Aizul
 34070 | Swamp:2  | Killed Aizul
 34145 | Swamp:2  | You fall into a shaft and drop 1 floor!
 34519 | Swamp:3  | Noticed a tentacled monstrosity
 34530 | Swamp:3  | Killed a tentacled monstrosity
 34959 | Swamp:4  | Entered Level 4 of the Swamp
 35002 | Swamp:4  | Paralysed by a fenstrider witch for 4 turns
 35006 | Swamp:4  | HP: 2/157 [thorn hunter/volley of thorns (12)]
 35007 | Swamp:4  | Killed from afar by a thorn hunter

Illustrated notes

Levels and vault maps discovered:
D:1:      scummos_arrival_gate, layout_basic
D:2:      layout_basic, serial_shops, shop_coins
D:3:      layout_rooms, chequers_ecumenical_altar_simple, minmay_box_of_dots,
          uniq_robin
D:4:      layout_gridville, minmay_temple_entry_waves
D:5:      cheibrodos_barr_body, layout_loops_ring, serial_shops, shop
D:6:      corexii_shantytown, layout_gridville, minmay_diced_spiral
D:7:      layout_gridville, enter_bailey_3, minmay_ruined_shrine
D:8:      layout_loops_ring, mainiacjoe_overflow_brackets, uniq_joseph,
          uniq_gastronok
D:9:      layout_big_octagon, orc_0_dummy, nicolae_blasting_shop, uniq_maggie
D:10:     layout_roguey
D:11:     minmay_chambers_of_sevens, layout_basic, serial_shops, shop,
          portal_ice_cave_entry_pillars_1, uniq_psyche
D:12:     layout_gridville, uniq_snorg
D:13:     layout_roguey, david_vaults_3
D:14:     layout_roguey, gammafunk_ghost_crypt, gauntlet_entry_generic,
          minmay_misc_feat_square
D:15:     hangedman_depths_entry_try_elsewhere_first, layout_long_grid,
          gammafunk_ghost_fury_of_okawaru, hangedman_abyss_or_decor_lesser_grid,
          elyvilon_altar_5, uniq_kirke
Temple:   nicolae_temple_the_god_donut
Lair:1:   dragon1_lemuel, layout_cave_shapes
Lair:2:   layout_cave_shapes, spider_nest_entry_rubble, uniq_urug
Lair:3:   layout_hall_layers, skrybe_swamp_entry_bodies,
          nicolae_volcano_entry_hallway, basic_altar, grunt_megastairs_5
Lair:4:   layout_concentric_octagons, maelrawn_ghost_gauntlet_escape,
          minivault_19, uniq_nessos
Lair:5:   layout_regular_city
Lair:6:   evilmike_catoblepas_cave, layout_cave_pods,
          nicolae_slime_entry_slimehenge, small_statue_intersection
Swamp:1:  layout_basic_swamp, evilmike_swamp_ruin_house_2, swamp_pool4,
          nicolae_swamp_treefoil, nicolae_swamp_catching_bugs
Swamp:2:  layout_basic_swamp, evilmike_swamp_ruin_house_4,
          infiniplex_staircase_pool, uniq_aizul
Swamp:3:  layout_basic_swamp, evilmike_swamp_ruin_rubble_1, swamp_pool4,
          nicolae_swamp_very_dense_foliage
Swamp:4:  swamp_alternative, layout_basic_swamp
Spider:1: layout_spider_delve, uniq_nikola
Spider:2: spider_temple_joshua, uniq_arachne, uniq_louise
Orc:1:    nicolae_orc_accident_2, layout_diamond_mine
Orc:2:    grunt_orc_cross, layout_caves

Skill      XL: |  1  2  3  4  5  6  7  8  9 10 11 12 13 14 15 16 17 |
---------------+----------------------------------------------------+-----
Polearms       | 5 6 7 9 10 12 14 | 14.0
Fighting       | 3 4 5 6 7 9 11 13 15 16 17 18 19 20 | 20.9
Dodging        | 5 6 7 9 11 12 13 14 | 14.0
Invocations    | 1 2 4 5 7 |  7.0
Shields        | 3 5 |  5.0
Armour         | 2 4 5 6 7 8 9 |  9.0
Stealth        | 4 6 8 10 | 10.0
Transmutations | 2 5 8 9 10 | 10.7
Spellcasting   | 1 3 5 6 8 |  8.3
Hexes          | 2 4 6 7 |  7.2
Evocations     | 2 |  2.1
Throwing       | 4 |  4.1

Action                   |  1- 3 |  4- 6 |  7- 9 | 10-12 | 13-15 | 16-18 || total
-------------------------+-------+-------+-------+-------+-------+-------++-------
Melee: Trident           |   111 |   257 |   332 |   540 |  1264 |   354 ||  2858
       Punch             |       |     3 |     3 |     1 |       |       ||     7
       Tailslap          |       |       |     2 |    13 |       |    45 ||    60
       Demon trident     |       |       |       |       |       |   688 ||   688
Throw: Boomerang         |       |       |       |     7 |     2 |     1 ||    10
       Throwing net      |       |       |       |     1 |     1 |     1 ||     3
       Dart              |       |       |       |     9 |     1 |     1 ||    11
       Javelin           |       |       |       |       |     6 |    34 ||    40
 Cast: Tukima's Dance    |       |       |       |       |     2 |       ||     2
       Slow              |       |       |       |       |     1 |     1 ||     2
       Ensorcelled Hiber |       |       |       |       |       |     1 ||     1
Invok: Stomp             |       |       |       |       |     4 |     1 ||     5
Evoke: Wand              |       |       |       |       |       |     1 ||     1
  Use: Scroll            |       |     9 |     9 |    10 |    14 |    13 ||    55
       Potion            |       |       |       |     1 |     4 |    13 ||    18
 Stab: Sleeping          |     3 |       |     1 |     2 |    34 |    17 ||    57
       Distracted        |       |     1 |       |       |     5 |     5 ||    11
       Paralysed         |       |       |    16 |    39 |   121 |    92 ||   268
       Held in net/web   |       |       |       |       |     1 |       ||     1
Armor: Leather armour    |    19 |    77 |    65 |   132 |    46 |       ||   339
       Swamp dragon scal |       |       |       |       |   208 |   284 ||   492
Dodge: Dodged            |    51 |   141 |   123 |   192 |   382 |   575 ||  1464
Block: Buckler           |       |       |       |    56 |   245 |   349 ||   650
